 Dungeon Crawl Stone Soup version 0.31-a0-267-g3fc6992b3b (webtiles) character file.

Game seed: 8443078091836031593

61 qw the Shooter (level 4, 0/26 HPs)
             Began as a Gargoyle Hexslinger on July 14, 2023.
             Killed by divine providence
             ... invoked by an orc priest
              (16 damage)
             ... on level 3 of the Dungeon.
             The game lasted 00:00:42 (1478 turns).

qw the Shooter (Gargoyle Hexslinger)                Turns: 1478, Time: 00:00:42

Health: 0/26       AC: 10    Str: 18    XL:     4   Next: 7%
Magic:  5/5        EV: 11    Int: 13    God:
Gold:   18         SH:  5    Dex: 14    Spells: 4/5 levels left

rFire   . . .        Y - +3 sling
rCold   . . .        (no shield)
rNeg    + . .        d - +0 leather armour
rPois   inf          (no helmet)
rElec   +            (no cloak)
rCorr   .            (no gloves)
SInv    .            (no boots)
Will    .....        i - amulet of reflection
Stlth   +            g - +6 ring of strength
HPRegen 0.24/turn    h - +4 ring of protection
MPRegen 0.09/turn

%: reflection
@: no status effects
A: sickness immunity, AC +3, negative energy resistance 1, electricity
resistance, torment resistance 1, petrification resistance
a: no special abilities


You were on level 3 of the Dungeon.
You visited 1 branch of the dungeon, and saw 3 of its levels.

You collected 109 gold pieces.
You spent 91 gold pieces at shops.


Innate Abilities, Weirdness & Mutations

You are immune to sickness and miasma.
Your stone body is resilient. (AC +3)
You are immune to poison.
You resist negative energy. (rN+)
You are resistant to electric shocks. (rElec)
You are resistant to unholy torment.
You are immune to petrification.


   Skills:
 - Level 2.0 Fighting
 + Level 3.9 Ranged Weapons
 - Level 1.5 Dodging
 - Level 1.0 Spellcasting
 - Level 2.6 Hexes


You had 4 spell levels left.
You knew the following spells:

 Your Spells              Type           Power      Damage    Failure   Level
a - Slow                  Hex            28%        N/A       11%         1

Your spell library contained the following spells:

 Spells                   Type           Power      Damage    Failure   Level
 Inner Flame              Hex/Fire       4%         N/A       50%         3
 Portal Projectile        Hex/Tloc       8%         N/A       50%         3
 Cause Fear               Hex            3%         N/A       73%         4

Inventory:

Hand Weapons
 Y - a +3 sling (weapon)
Armour
 d - a +0 leather armour (worn)
Jewellery
 g - a +6 ring of strength (left hand)
 h - a +4 ring of protection (right hand)
 i - an amulet of reflection (around neck)
Scrolls
 a - a scroll of identify
 f - a scroll of teleportation
Potions
 b - a potion of mutation {unknown}
 c - a potion of berserk rage {unknown}
 e - 3 potions of haste {unknown}
 j - a potion of curing
 l - a potion of attraction {unknown}

Dungeon Overview and Level Annotations

Branches:
Dungeon (3/15)

Altars:

Shops:
D:2 [(?!


Message History

A gnoll and an orc priest come into view.
The orc priest shouts!
You hear a shout! x2
A gnoll comes into view. It is wielding a +0 club.
A gnoll comes into view. It is wielding a +0 whip.
You hear a shout!
You shoot a sling bullet.
The sling bullet barely misses the orc priest.
The orc priest miscasts a cantrip.
A gnoll comes into view. It is wielding a +0 halberd.
You shoot a sling bullet.
The sling bullet barely misses the orc priest.
The sling bullet completely misses the gnoll.
The sling bullet closely misses the gnoll.
You shoot a sling bullet. The sling bullet hits the orc priest.
The orc priest is lightly wounded.
The orc priest looks satisfied for a moment.
You shoot a sling bullet.
The sling bullet barely misses the orc priest.
You block the gnoll's attack. The orc priest barely misses you.
You shoot a sling bullet. The sling bullet hits the orc priest.
The orc priest is moderately wounded.
You block the gnoll's attack.
The orc priest calls down the wrath of Beogh upon you.
Pain shoots through your body! The orc priest completely misses you.
You shoot a sling bullet.
The sling bullet closely misses the orc priest.
You block the gnoll's attack. The gnoll misses you.
The gnoll hits you but does no damage.
The orc priest hits you but does no damage.
You shoot a sling bullet.
The sling bullet barely misses the orc priest.
The gnoll barely misses you. You block the gnoll's attack.
The gnoll hits you with a +0 whip! The orc priest barely misses you.
You shoot a sling bullet.
The sling bullet barely misses the orc priest.
The gnoll barely misses you. x2
The orc priest mumbles some strange prayers to Beogh against you.
Beogh smites you!
Ouch! That really hurt!
You die...

.............#.#
..%..........#.#
##########...#.###
#. #####...# .
##.#.##...
#..%...# #......#
##......#.
#o@.....#.#
......ggg....#.#
..$).g.......#.#
#.############.# #
.... #####


You could see an orc priest and 4 gnolls.

Vanquished Creatures
  An adder (D:2)
  An orc (D:3)
  5 bats (D:1)
  6 endoplasms
  2 giant cockroaches
  3 goblins
  A hobgoblin (D:1)
  7 jackals (D:2)
  8 quokkas
  2 ball pythons
  2 frilled lizards
  3 kobolds
  4 rats
45 creatures vanquished.

Notes
Turn   | Place    | Note
-------+----------+-------------------------------------------
     0 | D:1      | qw the Gargoyle Hexslinger began the quest for the Orb.
     0 | D:1      | Reached XP level 1. HP: 12/12 MP: 2/2
     0 | D:1      | 0 ||| qw: Version: 0.3-a-52-g30416fa
     0 | D:1      | 0 ||| qw: Game counter: 7894
     0 | D:1      | 0 ||| qw: Melee chars always use a shield: true
     0 | D:1      | 0 ||| qw: God list: Okawaru
     0 | D:1      | 0 ||| qw: Allow faded altars: false
     0 | D:1      | 0 ||| qw: Do Orc after clearing Dungeon:15 true
     0 | D:1      | 0 ||| qw: Do second Lair branch before Depths: true
     0 | D:1      | 0 ||| qw: Lair rune preference: random
     0 | D:1      | 0 ||| qw: Goals: Normal
     0 | D:1      | 0 ||| PLANNING D:1-11
   248 | D:1      | Reached XP level 2. HP: 16/16 MP: 3/3
   388 | D:1      | Reached skill level 3 in Ranged Weapons
   575 | D:1      | Reached XP level 3. HP: 21/21 MP: 4/4
   836 | D:1      | 836 ||| UPGRADING to amulet of reflection.
   841 | D:1      | 841 ||| UPGRADING to +6 ring of strength.
   842 | D:1      | 842 ||| UPGRADING to +4 ring of protection.
   843 | D:1      | 843 ||| DROPPING ring of resist corrosion.
   844 | D:1      | 844 ||| READING scroll labelled QILOKHLUQESO.
   845 | D:1      | 845 ||| READING scroll labelled TYCIUZ IMOSI.
   846 | D:1      | 846 ||| READING 2 scrolls labelled TASOYG KUA.
   849 | D:1      | 849 ||| READING scroll labelled WUOKOO TEMUCOE.
   850 | D:1      | 850 ||| DROPPING scroll of poison.
   912 | D:2      | Found Ezut's Magic Scroll Shop.
   913 | D:2      | Found Xagaeb's Weapon Emporium.
   942 | D:2      | 942 ||| SHOPLISTING scroll of enchant weapon (97 gold, have
                  | 82).
   942 | D:2      | 942 ||| BUYING scroll of identify (26 gold).
   942 | D:2      | Bought a scroll of identify for 26 gold pieces
   942 | D:2      | 942 ||| BUYING scroll of identify (26 gold).
   942 | D:2      | Bought a scroll of identify for 26 gold pieces
   942 | D:2      | 942 ||| SHOPLISTING scroll of teleportation (39 gold, have
                  | 30).
   961 | D:2      | Found Giulaa's Antique Armour Shoppe.
   971 | D:2      | 971 ||| SHOPLISTING bloodstained robe (131 gold, have 30).
   971 | D:2      | 971 ||| SHOPLISTING leather armour (46 gold, have 30).
   971 | D:2      | 971 ||| SHOPLISTING pair of gloves (103 gold, have 30).
   971 | D:2      | 971 ||| SHOPLISTING ring mail (92 gold, have 30).
  1126 | D:2      | 1126 ||| READING scroll of enchant weapon.
  1126 | D:2      | 1126 ||| ENCHANTING +2 sling.
  1231 | D:2      | Reached XP level 4. HP: 26/26 MP: 5/5
  1244 | D:2      | Found Sasik's Distillery.
  1251 | D:2      | 1251 ||| BUYING potion of curing (39 gold).
  1251 | D:2      | Bought a potion of curing for 39 gold pieces
  1251 | D:2      | 1251 ||| SHOPLISTING potion of curing (39 gold, have 18).
  1251 | D:2      | 1251 ||| SHOPLISTING potion of heal wounds (65 gold, have
                  | 18).
  1251 | D:2      | 1251 ||| SHOPLISTING potion of might (52 gold, have 18).
  1251 | D:2      | 1251 ||| SHOPLISTING potion of mutation (104 gold, have
                  | 18).
  1363 | D:2      | 1363 ||| UPGRADING to +0 leather armour.
  1373 | D:2      | 1373 ||| DROPPING +0 robe.
  1374 | D:2      | 1374 ||| READING scroll labelled VOTIMO MULAGU.
  1375 | D:2      | 1375 ||| READING 2 scrolls of identify.
  1375 | D:2      | 1375 ||| IDENTIFYING dark potion
  1376 | D:2      | 1376 ||| DROPPING potion of ambrosia.
  1478 | D:3      | Killed from afar by an orc priest

Levels and vault maps discovered:
D:1:      erik_arrival_cave_to_civilisation [erik_arrival_cave_to_hall],
          layout_basic, minmay_distorted
D:2:      layout_rooms, serial_shops, shop, shop, shop, shop,
          nrook_mini_backslash, grunt_decor_cap
D:3:      layout_basic, serial_co_window_serial, co_window_corner_a,
          co_window_of_opportunity_a, co_window_paths_a, co_window_corner_a,
          co_window_corner_a, co_window_corner_ca, co_window_of_opportunity_b,
          co_window_cross_2, co_window_unsneaky_path_b, co_window_paths_d,
          glass_columns_a, glass_columns_b, glass_columns_a, glass_columns_a,
          uniq_jessica, uniq_ijyb

Skill      XL: |  1  2  3 |
---------------+----------+-----
Ranged Weapons | 3 |  3.9
Fighting       | 2 |  2.0
Dodging        | |  1.5
Spellcasting   | |  1.0
Hexes          | |  2.6

Action                     |  1- 3 |  4- 6 || total
---------------------------+-------+-------++-------
   Fire: Sling             |   132 |    23 ||   155
    Use: Scroll            |     5 |     2 ||     7
 Armour: Robe              |    23 |       ||    23
         Leather armour    |       |     3 ||     3
  Dodge: Dodged            |    45 |     9 ||    54
  Block: Other             |     1 |     7 ||     8

Table legend:
 A = Non-vault XP
 B = Vault XP
 C = Vault XP percentage of total XP
 D = Non-vault monster count
 E = Vault monster count
 F = Vault count percentage of total count
                 A         B        C        D         E       F
            +---------+---------+-------+---------+---------+-------
      Total |      81 |       7 |   8.0 |      40 |       5 |  11.1
            +---------+---------+-------+---------+---------+-------
        D:1 |      29 |       7 |  19.4 |      18 |       5 |  21.7
        D:2 |      46 |       0 |   0.0 |      19 |       0 |   0.0
        D:3 |       6 |       0 |   0.0 |       3 |       0 |   0.0
            +---------+---------+-------+---------+---------+-------
